 Dungeon Sprint DCSS version 0.29-a0-275-g389c0b56f3 (webtiles) character file.

Game seed: 2426696610147339705

294 bromine the Cudgeller (level 6, -2/68 HPs)
             Began as a Troll Berserker on Mar 11, 2022.
             Was a Believer of Trog.
             Slain by a yak (12 damage)
             ... in the Dungeon (Sprint I: "Red Sonja").
             The game lasted 00:01:30 (892 turns).

bromine the Cudgeller (Troll Berserker)              Turns: 892, Time: 00:01:30

Health: -2/68      AC:  4    Str: 28    XL:     6   Next: 11%
Magic:  5/5        EV: 11    Int:  3    God:    Trog [**....]
Gold:   297        SH:  0    Dex:  9    Spells: 5/5 levels left

rFire   . . .      SeeInvis .   d - +0 scythe
rCold   . . .      Faith    .   (shield currently unavailable)
rNeg    . . .      Spirit   .   b - +0 animal skin
rPois   .          Reflect  .   (helmet restricted)
rElec   .          Harm     .   (no cloak)
rCorr   .          Rampage  .   (gloves unavailable)
Will    .....      NoTele   +   (boots unavailable)
Stlth   +.........              (no amulet)
HPRegen 1.01/turn               (no ring)
MPRegen 0.09/turn               (no ring)

@: no status effects
A: large, unfitting armour, claws 3, regeneration 1, shaggy fur 1, tough skin 1
a: Renounce Religion, Berserk, Trog's Hand


You were in the Dungeon.
You worshipped Trog.
Trog was pleased with you.
You visited 1 branch You collected 297 gold pieces.

Inventory:

Hand Weapons
 a - a +0 mace
 d - a +0 scythe (weapon)
Armour
 b - a +0 animal skin (worn)
Scrolls
 h - a scroll of blinking
 i - a scroll of identify {unknown}
Potions
 c - a potion of curing
 e - a potion of haste
 f - 2 potions of magic
 g - a potion of berserk rage


   Skills:
 + Level 6.5 Fighting
 + Level 7.2 Maces & Flails
 + Level 0.1 Polearms
 + Level 6.9 Dodging


You had 5 spell levels left.
You didn't know any spells.
Your spell library was empty.

Dungeon Overview and Level Annotations

Branches:
Dungeon (1/1)

Altars:
Cheibriados
Dithmenos
Elyvilon
Fedhas
Hepliaklqana
Kikubaaqudgha
Okawaru
Qazlal
Ru
Sif Muna
Trog
Uskayaw
Vehumet
Wu Jian
Yredelemnul
Zin
The Shining One

Shops:
D *


Innate Abilities, Weirdness & Mutations

You are too large for most types of armour.
You have claws for hands.
Your natural rate of healing is unusually fast.
You are covered in fur. (AC +1)
You have tough skin. (AC +1)


Message History

2 centaur warriors come into view.
Found 2 potions of berserk rage and a viscous black potion.
The centaur warrior moves out of view. x2
There is an open door here.
You enter the shallow water.
Moving in this stuff is going to be slow.
There is an open door here.
There is a shimmering blue altar of Sif Muna here.
There is a shimmering blue altar of Sif Muna here.
You see here a book of Pain.
i - a scroll labelled YQIENONOBO
There is an open door here.
You see here a book of Pain.
There is a shimmering blue altar of Sif Muna here.
There is a radiant altar of Vehumet here.
You open the door.
Found 135 gold pieces.
There is an open door here.
You now have 189 gold pieces (gained 27).
You now have 216 gold pieces (gained 27).
You now have 243 gold pieces (gained 27).
You now have 270 gold pieces (gained 27).
You now have 297 gold pieces (gained 27).
There is an open door here.
You open the door.
A yak comes into view.
The yak bellows!
Found Jicautz's General Store.
Found fourteen altars.
You hit the yak but do no damage. The yak gores you.
The yak closely misses you.
You closely miss the yak. The yak gores you! The yak gores you.
You barely miss the yak. The yak gores you! The yak closely misses you.
You closely miss the yak. The yak gores you! x2
* * * LOW HITPOINT WARNING * * *
You slash the yak!
The yak is moderately wounded.
The yak gores you.
* * * LOW HITPOINT WARNING * * *
The yak gores you!
You die...

################
#<)#..').#..'..#
#..'..#..'[.#..+
#..#####'#####'# ###
#..# #..#...#.####!!#
#..#__####..##:#§≈≈.c#
#..#_____##'#_.§§≈≈.§+
#⌠⌠#_.∩...Y@.._#≈≈≈.c#
####_..__##_.#+##+####
___ ##+# #


You could see a yak.

Vanquished Creatures
  Sigmund (D)
  An ogre (D)
  A jelly (D)
  Ijyb (D)
4 creatures vanquished.

Notes
Turn   | Place    | Note
-------+----------+-------------------------------------------
     0 | D        | bromine the Troll Berserker began the quest for the Orb.
     0 | D        | Reached XP level 1. HP: 22/22 MP: 0/0
     2 | D        | Noticed Ijyb
    44 | D        | Killed Ijyb
    45 | D        | Reached skill level 4 in Maces & Flails
    45 | D        | Reached XP level 2. HP: 23/31 MP: 1/1
   243 | D        | Noticed an ogre
   246 | D        | Killed an ogre
   247 | D        | Reached skill level 5 in Maces & Flails
   247 | D        | Reached skill level 5 in Dodging
   247 | D        | Reached XP level 3. HP: 41/41 MP: 2/2
   247 | D        | Reached XP level 4. HP: 49/49 MP: 3/3
   293 | D        | Noticed Sigmund
   299 | D        | Killed Sigmund
   299 | D        | Reached ** piety under Trog
   300 | D        | Reached skill level 7 in Maces & Flails
   300 | D        | Reached XP level 5. HP: 59/59 MP: 4/4
   601 | D        | Found an ornate altar of the Wu Jian Council.
   601 | D        | Found a shimmering blue altar of Sif Muna.
   603 | D        | Found a radiant altar of Vehumet.
   609 | D        | Reached XP level 6. HP: 33/68 MP: 5/5
   844 | D        | Noticed a centaur warrior
   844 | D        | Noticed a centaur warrior
   887 | D        | Found Jicautz's General Store.
   887 | D        | Found an ancient bone altar of Kikubaaqudgha.
   887 | D        | Found a hazy altar of Hepliaklqana.
   887 | D        | Found a stormy altar of Qazlal.
   887 | D        | Found a hide-covered altar of Uskayaw.
   887 | D        | Found a blossoming altar of Fedhas.
   887 | D        | Found a bloodstained altar of Trog.
   887 | D        | Found an iron altar of Okawaru.
   887 | D        | Found a basalt altar of Yredelemnul.
   887 | D        | Found a glowing golden altar of the Shining One.
   887 | D        | Found a snail-covered altar of Cheibriados.
   887 | D        | Found a sacrificial altar of Ru.
   887 | D        | Found a glowing silver altar of Zin.
   887 | D        | Found a shadowy altar of Dithmenos.
   887 | D        | Found a white marble altar of Elyvilon.
   887 | D        | Noticed a yak
   892 | D        | Slain by a yak

Illustrated notes

Levels and vault maps discovered:
D:        dungeon_sprint_1 [red_sonja_temple_1, red_sonja_temple_small_1]

Skill      XL: |  1  2  3  4 |
---------------+-------------+-----
Fighting       | 3 4 6 |  6.5
Maces & Flails | 4 5 7 |  7.2
Dodging        | 3 5 6 |  6.9
Polearms       | |  0.1

Action                   |  1- 3 |  4- 6 || total
-------------------------+-------+-------++-------
Melee: Mace              |    25 |     5 ||    30
       Punch             |     1 |       ||     1
       Scythe            |       |     8 ||     8
Invok: Berserk           |     1 |     2 ||     3
  Use: Potion            |     1 |       ||     1
Armor: Animal skin       |     2 |       ||     2
Dodge: Dodged            |    18 |     6 ||    24

Table legend: (Time is in decaauts)
 A = Elapsed time spent in this place.
 B = Non-inter-level travel time spent in this place.
 C = Inter-level travel time spent in this place.
 D = Time resting spent in this place.
 E = Time spent auto-exploring this place.
 F = Levels seen in this place.
 G = Mean time per level.
                   A        B        C        D        E       F      G
               +--------+--------+--------+--------+--------+-----+--------+
         Total |    940 |    940 |      0 |    773 |      0 |   1 |  940.0 |
       Dungeon |    940 |    940 |      0 |    773 |      0 |   1 |  940.0 |
               +--------+--------+--------+--------+--------+-----+--------+

Top non-repeatable levels by time:
       D: 940 daAuts
